 Dungeon Crawl Stone Soup version 0.18-a0-1202-g796ae12 (webtiles) character file.

160 M4edhros the Sneak (level 5, 0/33 HPs)
             Began as an Octopode Artificer on Jan 31, 2016.
             Slain by a wight
             ... wielding a +3 flail
              (3 damage)
             ... on level 4 of the Dungeon.
             The game lasted 00:01:25 (1383 turns).

M4edhros the Sneak (Octopode Artificer)             Turns: 1383, Time: 00:01:26

Health: 0/33       AC:  1    Str: 10    XL:     5   Next: 41%
Magic:  6/8        EV: 13    Int: 16    God:
Gold:   65         SH:  0    Dex: 12    Spells: 0 memorised, 4 levels left

rFire  + . .     SeeInvis .     j - +2 whip (flame)
rCold  . . .     Gourm    .     (no shield)
rNeg   . . .     Faith    .     (helmet restricted)
rPois  .         Spirit   .     (no amulet)
rElec  .         Dismiss  .     h - ring of protection from fire
rCorr  .         Reflect  .     (no ring)
SustAt .         Harm     .     (no ring)
MR     .....                    (no ring)
Stlth  ++++......               (no ring)
                                (no ring)
                                (no ring)
                                (no ring)

@: drained, not resistant to hostile enchantments, stealthy
A: almost no armour, amphibious, 8 rings, constrict 8, camouflage 1, gelatinous
body 1
a: no special abilities


You were on level 4 of the Dungeon.
You were very hungry.

You visited 1 branch of the dungeon, and saw 4 of its levels.

You collected 65 gold pieces.

Inventory:

Hand Weapons
 a - a +0 short sword
 j - a +2 whip of flaming (weapon)
Missiles
 i - 10 sling bullets
 k - 15 stones (quivered)
Jewellery
 h - a ring of protection from fire (left tentacle)
Wands
 b - a wand of flame (15/48)
 c - a wand of enslavement (13/24)
 d - a wand of random effects (14/48)
Scrolls
 e - 3 scrolls of enchant armour {unknown}
 g - a scroll of teleportation {unknown}
 l - a scroll of amnesia {unknown}
 m - a scroll of magic mapping {unknown}
 n - a scroll of noise {unknown}
Comestibles
 f - a bread ration


   Skills:
 - Level 1.0(0.6) Fighting
 - Level 1.0(0.6) Short Blades
 * Level 3.8(3.3) Dodging
 * Level 4.5(4.0) Stealth
 + Level 4.1(3.7) Evocations


You had 4 spell levels left.
You didn't know any spells.

Dungeon Overview and Level Annotations

Branches:
Dungeon (4/15)
 Temple: D:4-7

Altars:

Annotations:
D:3 nublet's ghost, amateur CeFE


Innate Abilities, Weirdness & Mutations

You cannot wear most types of armour.
You are amphibious.
You can wear up to eight rings at the same time.
You can use your tentacles to constrict eight enemies at once.
Your skin changes colour to match your surroundings (Stealth).
Your rubbery body absorbs attacks (AC +1).


Message History

* * * LOW HITPOINT WARNING * * *
You barely miss the wight.
The wight is severely damaged.
You constrict the wight. The wight completely misses you.
You are too injured to fight recklessly!
You are too injured to fight recklessly!
You hit the wight. You burn the wight.
You destroy the wight!
You barely miss the wight. Your grab misses the wight.
The wight hits you with an enchanted flail.
* * * LOW HITPOINT WARNING * * *
You closely miss the wight. You grab the wight.
You constrict the wight, but do no damage.
The wight barely misses you.
You hit the wight. You burn the wight.
You squeeze the wight, but do no damage.
The wight is moderately damaged.
You constrict the wight, but do no damage.
The wight hits you with an enchanted flail.
You die...

#.########## #.# #### #.# #.#
#...# #.# #.# ##...######.## #.#
.............# #.# .............#
#.# .............# #.#
.............###### #########.#
...............z@.# #......)..#
##...############'#####.#########
.....z..## #.............#
.........# #.............#
.......z.# #.............#
.).......# #.............#
.....z...# #.............#
.........# #.............#
.......z.# #.............#


You could see a wight.

Vanquished Creatures
  3 wights (D:4)
  A worker ant (D:4)
  2 orcs
  A giant cockroach (D:2)
  2 hobgoblins (D:1)
  2 jackals (D:2)
  4 kobolds
  A ball python (D:3)
  3 bats
  A giant newt (D:1)
  A goblin (D:2)
  A rat (D:3)
22 creatures vanquished.

Notes
Turn   | Place    | Note
--------------------------------------------------------------
     0 | D:1      | M4edhros the Octopode Artificer began the quest for the Orb.
     0 | D:1      | Reached XP level 1. HP: 13/13 MP: 3/3
   247 | D:1      | Reached XP level 2. HP: 18/18 MP: 4/4
   589 | D:3      | Noticed nublet's ghost (amateur CeFE)
   841 | D:4      | Reached XP level 3. HP: 15/23 MP: 5/5
  1077 | D:4      | Reached XP level 4. HP: 6/28 MP: 6/6
  1377 | D:4      | Reached skill level 4 in Stealth
  1377 | D:4      | Reached XP level 5. HP: 33/33 MP: 6/8
  1383 | D:4      | Slain by a wight

Vault maps used:
D:1:      dpeg_arrival_oval
D:2:      cheibriados_altar_wand_db, first_bread
D:4:      kennysheep_mini, serial_shops, shop, uniq_eustachio

Action                   |  1- 3 |  4- 6 || total
-------------------------+-------+-------++-------
Melee: Short sword       |    13 |       ||    13
       Whip              |    32 |    13 ||    45
Evoke: Wand              |       |     3 ||     3
 Stab: Sleeping          |     5 |       ||     5
       Confused          |       |     1 ||     1
